 Dungeon Crawl Stone Soup version 0.23-a0-80-gc95c2c7 (webtiles) character file.

18 Amnesiac the Gusty (level 2, -7/19 HPs)
             Began as a Mummy Air Elementalist on Aug 13, 2018.
             Mangled by an iguana (13 damage)
             ... on level 4 of the Dungeon.
             The game lasted 00:01:44 (612 turns).

Amnesiac the Gusty (Mummy Air Elementalist)          Turns: 612, Time: 00:01:45

Health: -7/19      AC:  2    Str: 11    XL:     2   Next: 48%
Magic:  3/6        EV: 12    Int: 14    God:
Gold:   21         SH:  0    Dex: 12    Spells: 6/7 levels left

rFire    x . .     SeeInvis .   a - +2 whip (elec)
rCold    + . .     Gourm    .   (no shield)
rNeg     + + +     Faith    .   b - +0 robe
rPois    ∞         Spirit   .   (no helmet)
rElec    .         Reflect  .   (no cloak)
rCorr    .         Harm     .   (no gloves)
MR       .....                  (no boots)
Stlth    ++........             (no amulet)
HPRegen  0.06/turn              (no ring)
MPRegen  0.10/turn              (no ring)

@: no status effects
A: no food or potions, fire vulnerability, cold resistance 1, negative energy
resistance 3, torment resistance, unbreathing
a: no special abilities


You were on level 4 of the Dungeon.
You were not hungry.

You visited 1 branch of the dungeon, and saw 5 of its levels.

You collected 21 gold pieces.

Inventory:

Hand Weapons
 a - a +2 whip of electrocution (weapon)
Armour
 b - a +0 robe (worn)
 f - a +0 cloak
Scrolls
 c - a scroll of teleportation {!r, unknown}
 d - a scroll of immolation {!r, unknown}
 e - a scroll of fog {!r, unknown}


   Skills:
 - Level 1.5 Dodging
 - Level 1.5 Stealth
 + Level 3.0 Spellcasting
 - Level 0.7 Conjurations
 * Level 3.0 Air Magic


You had 6 spell levels left.
You knew the following spells:

 Your Spells              Type           Power        Failure   Level  Hunger
a - Shock                 Conj/Air       #...         10%         1    N/A

Your spell library contained the following spells:

 Spells                   Type           Power        Failure   Level  Hunger
 Lightning Bolt           Conj/Air       #.........   95%         5    N/A
 Swiftness                Chrm/Air       #.......     17%         2    N/A
 Airstrike                Air            ##........   52%         4    N/A
 Static Discharge         Conj/Air       #.......     30%         3    N/A

Dungeon Overview and Level Annotations

Branches:
Dungeon (5/15)
 Temple: D:4-7

Altars:


Innate Abilities, Weirdness & Mutations

You do not eat or drink.
Your flesh is vulnerable to fire.
You are immune to poison.
Your flesh is cold resistant. (rC+)
You are immune to negative energy. (rN+++)
You are immune to unholy pain and torment.
You can survive without breathing.


Message History

Confirm with . or Enter, or press ? or * to list all spells.
You don't have enough magic to cast that spell.
Casting: Shock (safe; 10% risk of failure)
Confirm with . or Enter, or press ? or * to list all spells.
You don't have enough magic to cast that spell.
There is a stone staircase leading down here.
Found 18 gold pieces.
Your magical contamination has completely faded away.
You start resting.
HP restored.
Casting: Shock (safe; 10% risk of failure)
Confirm with . or Enter, or press ? or * to list all spells.
Aiming: Shock (safe; 10% risk of failure)
Press: ? - help, Shift-Dir - straight line The zap hits the jackal.
The jackal is heavily wounded.
The zap hits the jackal.
The jackal is almost dead.
The jackal bites you.
Casting: Shock (safe; 10% risk of failure)
Confirm with . or Enter, or press ? or * to list all spells.
You don't have enough magic to cast that spell.
You closely miss the jackal.
The jackal is almost dead.
The jackal barely misses you. The jackal bites you.
You hit the jackal. Lightning courses through the jackal!
You kill the jackal!
You closely miss the jackal.
The jackal bites you but does no damage.
The jackal barely misses you.
You hit the jackal. Lightning courses through the jackal!
You kill the jackal!
You start resting.
HP restored.
You start resting.
Magic restored.
An iguana comes into view.
An iguana is nearby!
You see here 18 gold pieces.
Casting: Shock (safe; 10% risk of failure)
Confirm with . or Enter, or press ? or * to list all spells.
Aiming: Shock (safe; 10% risk of failure)
Press: ? - help, Shift-Dir - straight line The zap hits the iguana.
The iguana is lightly wounded.
The zap hits the iguana.
The iguana is lightly wounded.
Casting: Shock (safe; 10% risk of failure)
Confirm with . or Enter, or press ? or * to list all spells.
Aiming: Shock (safe; 10% risk of failure)
Press: ? - help, Shift-Dir - straight line The zap misses the iguana.
The zap hits the iguana.
The iguana is lightly wounded.
The iguana bites you!
Ouch! That really hurt!
* * * LOW HITPOINT WARNING * * *
Casting: Shock (safe; 10% risk of failure)
Confirm with . or Enter, or press ? or * to list all spells.
Aiming: Shock (safe; 10% risk of failure)
Press: ? - help, Shift-Dir - straight line The zap misses the iguana.
The zap hits the iguana.
The iguana is moderately wounded.
The iguana bites you!
Ouch! That really hurt!
You die...

##+#### # ###.....#
#.########.. ........#
#...........
....!...########@l..###
........<...............
....>...................
....#####†...###....####
...)# #....# ######
...## ###### ...#
..h....... ...?......


You could see an iguana.

Vanquished Creatures
  An orc (D:4)
  A bat (D:1)
  A hobgoblin (D:2)
  4 jackals
  2 quokkas (D:4)
  2 frilled lizards
  2 kobolds (D:1)
  A quokka skeleton (D:4)
  2 rats
16 creatures vanquished.

Notes
Turn   | Place    | Note
-------+----------+-------------------------------------------
     0 | D:1      | Amnesiac the Mummy Air Elementalist began the quest for the Orb.
     0 | D:1      | Reached XP level 1. HP: 13/13 MP: 4/4
   243 | D:4      | Noticed a worker ant
   259 | D:3      | Reached XP level 2. HP: 12/19 MP: 0/5
   489 | D:5      | Entered Level 5 of the Dungeon
   612 | D:4      | Mangled by an iguana

Vault maps used:
D:1:      scummos_arrival_simple_fountains, minmay_tiny_reverse_x
D:2:      lemuel_round_altar
D:3:      uniq_terence
D:4:      nicolae_ashenzari_panopticon, nicolae_overflow_crystal_walls,
          chequers_temple_overflow_minitemple, minmay_temple_entry_overgrown,
          first_ration, serial_shops, nicolae_shop_stone

Skill      XL: |  1  2 |
---------------+-------+-----
Air Magic      | 3 |  3.0
Spellcasting   | 3 |  3.0
Dodging        | |  1.5
Stealth        | |  1.5
Conjurations   | |  0.7

Action                   || total
-------------------------++-------
Melee: Whip              ||    17
 Cast: Shock             ||    27
Armor: Robe              ||     7
Dodge: Dodged            ||    18

Table legend:
 A = Non-vault XP
 B = Vault XP
 C = Vault XP percentage of total XP
 D = Non-vault monster count
 E = Vault monster count
 F = Vault count percentage of total count
 G = Total turns spent on level
                 A         B        C        D         E       F
            +---------+---------+-------+---------+---------+-------
      Total |      26 |       0 |   0.0 |      16 |       0 |   0.0
            +---------+---------+-------+---------+---------+-------
        D:1 |       6 |       0 |   0.0 |       5 |       0 |   0.0
        D:2 |       2 |       0 |   0.0 |       1 |       0 |   0.0
        D:3 |       4 |       0 |   0.0 |       3 |       0 |   0.0
        D:4 |      14 |       0 |   0.0 |       7 |       0 |   0.0
            +---------+---------+-------+---------+---------+-------
